 Dungeon Crawl Stone Soup version 0.26-a0-651-gb41185065b (webtiles) character file.

Game seed: 10373301282418625878

97 kae the Ogre Mage (level 4, -11/45 HPs)
             Began as an Ogre Hedge Wizard on Oct 15, 2020.
             Splashed by Pikel's acid (14 damage)
             ... on level 4 of the Dungeon.
             The game lasted 00:03:29 (4286 turns).

kae the Ogre Mage (Ogre Hedge Wizard)               Turns: 4286, Time: 00:03:30

Health: -11/45     AC:  2    Str: 13 (15) XL:     4   Next: 68%
Magic:  10/10      EV: 10    Int: 15      God:
Gold:   141        SH:  0    Dex:  8      Spells: 10/11 levels left

rFire    . . .     SeeInvis .   f - +1 club
rCold    . . .     Faith    .   (no shield)
rNeg     . . .     Spirit   .   b - +0 robe
rPois    .         Reflect  .   h - +1 hat
rElec    .         Harm     .   i - +1 cloak
rCorr    .         Rampage  .   (gloves unavailable)
MR       .....                  (boots unavailable)
Stlth    +.........             (no amulet)
HPRegen  0.15/turn              (no ring)
MPRegen  0.12/turn              (no ring)

@: corroded
A: large, unfitting armour, tough skin 1
a: no special abilities


You were on level 4 of the Dungeon.
You visited 1 branch of the dungeon, and saw 4 of its levels.

You collected 141 gold pieces.

Inventory:

Hand Weapons
 a - a +0 dagger
 f - a +1 club (weapon)
Armour
 b - a +0 robe (worn)
 h - a +1 hat (worn)
 i - a +1 cloak (worn)
 k - a scarf of invisibility
Jewellery
 g - a +6 ring of strength {unknown}
 p - an uncursed ring of magical power {unknown}
Scrolls
 e - 2 scrolls of remove curse
 l - a scroll of enchant weapon
 m - a scroll of blinking
 o - 2 scrolls of teleportation
Potions
 c - a potion of cancellation
 d - a potion of degeneration
 j - a potion of curing


   Skills:
 + Level 3.0 Fighting
 + Level 0.8 Maces & Flails
 - Level 1.7 Dodging
 - Level 1.4 Stealth
 - Level 4.1 Spellcasting
 + Level 2.4 Conjurations
   Level 0.8 Summonings
   Level 0.8 Translocations


You had 10 spell levels left.
You knew the following spells:

 Your Spells              Type           Power        Failure   Level
a - Magic Dart            Conj           ##..         7%          1

Your spell library contained the following spells:

 Spells                   Type           Power        Failure   Level
 Blink                    Tloc           N/A          19%         2
 Call Imp                 Summ           #.......     19%         2
 Slow                     Hex            #.......     26%         2
 Conjure Flame            Conj/Fire      #.......     32%         3
 Mephitic Cloud           Conj/Pois/Air  #.......     36%         3


Dungeon Overview and Level Annotations

Branches:
Dungeon (4/15)
 Temple: D:4-7

Altars:
Dithmenos
Elyvilon
Makhleb
Uskayaw
Vehumet
Wu Jian
Yredelemnul

Annotations:
D:4 Pikel


Innate Abilities, Weirdness & Mutations

You are too large for most types of armour.
You have tough skin. (AC +1)


Message History

There is a stone staircase leading up here.
You climb upwards.
There is a stone staircase leading down here.
You start resting.
HP restored.
Magic restored.
There is an open door here.
You see here a whip.
There is an escape hatch in the floor here.
You slide downwards.
The hatch slams shut behind you.
Level annotation: Pikel An adder and a skeleton come into view.
Found a scroll of random uselessness and 11 gold pieces.
The adder hisses angrily.
Pikel zaps a wand.
The bolt of acid hits you!
You are splashed with acid!
Found a robe.
Pikel zaps a wand.
The bolt of acid hits you!!
* * * LOW HITPOINT WARNING * * *
The acid corrodes you!
You are splashed with acid!
You die...

[...........#.#..
......................#
$....................###
........................
.......................
......................#
#§§....................
#§§.........S.Z........
#§§.......@..........#.
#.§............K....##
#K§......?..........#
##.###§§........$........#
#.........................
#.###..>5..................
#........#..........##. .
#....#...##..........# ..#
#....###..# ..)


You could see Pikel, an adder and a howler monkey skeleton.

Vanquished Creatures
  A lemure (D:3)
  3 adders
  3 dart slugs
  3 leopard geckos
  10 orcs
  2 giant cockroaches (D:2)
  5 goblins
  6 hobgoblins
  2 quokkas
  2 bats
  5 frilled lizards
  4 kobolds
  A quokka skeleton (D:4)
  7 rats
54 creatures vanquished.

Notes
Turn   | Place    | Note
-------+----------+-------------------------------------------
     0 | D:1      | kae the Ogre Hedge Wizard began the quest for the Orb.
     0 | D:1      | Reached XP level 1. HP: 16/16 MP: 5/5
   160 | D:1      | Reached skill level 1 in Conjurations
   409 | D:1      | Reached skill level 1 in Fighting
   409 | D:1      | Reached XP level 2. HP: 27/27 MP: 6/6
  1408 | D:2      | Reached skill level 4 in Spellcasting
  1490 | D:2      | Found a burning altar of Makhleb.
  1635 | D:2      | Reached XP level 3. HP: 32/35 MP: 6/8
  1923 | D:2      | Found a white marble altar of Elyvilon.
  1980 | D:2      | Found a basalt altar of Yredelemnul.
  2213 | D:3      | Found a shadowy altar of Dithmenos.
  2712 | D:3      | Found a radiant altar of Vehumet.
  2838 | D:3      | Reached XP level 4. HP: 43/44 MP: 5/10
  2879 | D:3      | Found a hide-covered altar of Uskayaw.
  2880 | D:3      | Noticed a +0 hand axe
  2880 | D:3      | Noticed a +0 dagger
  3480 | D:3      | Found an ornate altar of the Wu Jian Council.
  3886 | D:4      | Noticed a lemure
  3887 | D:4      | Noticed Pikel
  3887 | D:4      | Noticed a lemure
  3892 | D:4      | Noticed a lemure
  3919 | D:3      | Killed a lemure
  4166 | D:4      | Noticed an orc warrior
  4286 | D:4      | Splashed by Pikel's acid

Illustrated notes

Levels and vault maps discovered:
D:1:      giann_forest_graveyard, layout_basic
D:2:      layout_basic, kennysheep_ying_yang, serial_corexii_hall,
          corexii_hall_statues_i, corexii_hall_statues_i,
          corexii_hall_statues_x, chequers_hall_statues_wall_a,
          corexii_hall_statues_u, chequers_hall_statues_y, minmay_misc_feat_x,
          kennysheep_decorative_pillar, bloody_makhleb
D:3:      layout_loops_corners, marbit_many_paths,
          nicolae_overflow_crystal_walls, dancing_weapons_uskayaw,
          vehumet_crystals, portal_sewer_entry_d
D:4:      layout_layer_cave, minmay_temple_entry_stoned_glass, uniq_natasha,
          uniq_pikel

Skill      XL: |  1  2  3  4 |
---------------+-------------+-----
Conjurations   | 1 2 |  2.4
Fighting       | 1 2 3 |  3.0
Spellcasting   | 4 |  4.1
Maces & Flails | |  0.8
Dodging        | |  1.7
Stealth        | |  1.4
Summonings     | |  0.8
Translocations | |  0.8

Action                   |  1- 3 |  4- 6 || total
-------------------------+-------+-------++-------
Melee: Dagger            |   127 |       ||   127
       Club              |     2 |    27 ||    29
 Cast: Magic Dart        |    44 |    45 ||    89
  Use: Potion            |     4 |     1 ||     5
       Scroll            |       |     9 ||     9
 Stab: Sleeping          |     2 |       ||     2
Armor: Robe              |    30 |     7 ||    37
Dodge: Dodged            |    70 |    37 ||   107

Table legend: (Time is in decaauts)
 A = Elapsed time spent in this place.
 B = Non-inter-level travel time spent in this place.
 C = Inter-level travel time spent in this place.
 D = Time resting spent in this place.
 E = Time spent auto-exploring this place.
 F = Levels seen in this place.
 G = Mean time per level.
                   A        B        C        D        E       F      G
               +--------+--------+--------+--------+--------+-----+--------+
         Total |   4278 |   4100 |    178 |    303 |   3301 |   4 | 1069.5 |
       Dungeon |   4278 |   4100 |    178 |    303 |   3301 |   4 | 1069.5 |
               +--------+--------+--------+--------+--------+-----+--------+

Top non-repeatable levels by time:
     D:3: 1965 daAuts
     D:1: 1195 daAuts
     D:2: 1012 daAuts
     D:4: 105 daAuts
